 Dungeon Crawl Stone Soup version 0.30-a0-756-gc2185399d4 (webtiles) character file.

Game seed: 5403670387567642896

29 clease the Ruffian (level 3, -1/28 HPs)
             Began as a Draconian Transmuter on Feb 9, 2023.
             Slain by a gnoll
             ... wielding a +0 spear
              (2 damage)
             ... on level 2 of the Dungeon.
             The game lasted 00:12:33 (874 turns).

clease the Ruffian (Draconian Transmuter)            Turns: 874, Time: 00:12:33

Health: -1/28      AC:  5    Str: 14    XL:     3   Next: 1%
Magic:  6/6        EV: 12    Int: 13    God:
Gold:   116        SH:  0    Dex: 11    Spells: 5/6 levels left

rFire   . . .      SeeInvis .    h - +0 dagger
rCold   . . .      Faith    .    (no shield)
rNeg    . . .      Spirit   .    (body armour unavailable)
rPois   .          Reflect  .    (helmet restricted)
rElec   .          Harm     .    (no cloak)
rCorr   .          Rampage  .    (no gloves)
Will    .....                    (no boots)
Stlth   +                        (no amulet)
HPRegen 0.24/turn                (no ring)
MPRegen 0.10/turn                (no ring)

@: no status effects
A: AC +5, unfitting armour, cold-blooded
a: no special abilities


You were on level 2 of the Dungeon.
You visited 1 branch of the dungeon, and saw 2 of its levels.

You collected 116 gold pieces.

Inventory:

Hand Weapons
 f - a +0 club
 h - a +0 dagger (weapon)
 i - a +0 dagger
 j - a +0 dagger
Missiles
 d - 5 poisoned darts
 g - 22 stones
Armour
 e - a +0 ring mail
Scrolls
 b - a scroll of identify {unknown}
 c - 3 scrolls of immolation {unknown}
 k - 2 scrolls of fear {unknown}
 l - a scroll of magic mapping {unknown}
 n - a scroll of enchant armour {unknown}
 o - a scroll of poison {unknown}
Potions
 a - a potion of lignification
 m - a potion of curing {unknown}
 p - a potion of mutation {unknown}


   Skills:
 * Level 1.2 Fighting
 + Level 0.4 Short Blades
 * Level 0.1 Throwing
 + Level 2.2 Dodging
 + Level 3.4 Unarmed Combat
 + Level 2.0 Spellcasting
 + Level 2.4 Transmutations


You had 5 spell levels left.
You knew the following spells:

 Your Spells              Type           Power      Damage    Failure   Level
a - Beastly Appendage     Tmut           14%        N/A       10%         1

Your spell library contained the following spells:

 Spells                   Type           Power      Damage    Failure   Level
 Wereblood                Tmut           7%         N/A       14%         2
 Spider Form              Tmut/Pois      4%         N/A       43%         3
 Ice Form                 Ice/Tmut       4%         N/A       83%         4


Dungeon Overview and Level Annotations

Branches:
Dungeon (2/15)

Altars:
Vehumet

Shops:
D:1 (   D:2 :


Innate Abilities, Weirdness & Mutations

Your plain brown scales are hard. (AC +5)
You cannot fit into any form of body armour.
You are cold-blooded and may be slowed by cold attacks.


Message History

The gnoll hits you with a +0 spear.
You closely miss the gnoll. The gnoll hits you but does no damage.
You hit the gnoll.
The gnoll is lightly wounded.
The gnoll hits you with a +0 spear!
You closely miss the gnoll.
Your tail-slap misses the gnoll.
The gnoll is lightly wounded.
The gnoll misses you.
You hit the gnoll.
Your tail-slap misses the gnoll.
The gnoll is moderately wounded.
The gnoll hits you with a +0 spear!
* * * LOW HITPOINT WARNING * * *
You barely miss the gnoll. You tail-slap the gnoll.
The gnoll is moderately wounded.
The gnoll barely misses you.
You closely miss the gnoll.
The gnoll is moderately wounded.
The gnoll hits you with a +0 spear.
* * * LOW HITPOINT WARNING * * *
You hit the gnoll.
The gnoll is heavily wounded.
The gnoll closely misses you.
You hit the gnoll but do no damage.
The gnoll is heavily wounded.
The gnoll hits you with a +0 spear.
* * * LOW HITPOINT WARNING * * *
You closely miss the gnoll.
The gnoll is heavily wounded.
The gnoll closely misses you.
You hit the gnoll. You tail-slap the gnoll.
The gnoll is almost dead.
The gnoll hits you but does no damage.
You hit the gnoll but do no damage. You punch the gnoll, but do no damage.
The gnoll is almost dead.
The gnoll hits you with a +0 spear.
* * * LOW HITPOINT WARNING * * *
You barely miss the gnoll.
The gnoll is almost dead.
The gnoll hits you with a +0 spear.
You die...

#.# ..# #.### #.# ..... #
#.#. .#... #. ..#.# #.#..#
#.. #.##.# #.##..#
##.######.# #.###.# #†.# #
.#.......#.####...####.<##.#
[........#..@ggg...........##
.........#.########.###.####.
_..........########.# #.####.
..................g.###......
...........<....gg........##.
.........################.##.
....###### #.##. ###. #.### #
#.# #


You could see 3 gnolls.

Vanquished Creatures
  An adder (D:2)
  2 endoplasms
  2 giant cockroaches (D:1)
  3 goblins (D:1)
  2 hobgoblins
  2 kobolds (D:1)
  A quokka (D:2)
  2 bats (D:1)
  A frilled lizard (D:1)
  A rat (D:2)
17 creatures vanquished.

Notes
Turn   | Place    | Note
-------+----------+-------------------------------------------
     0 | D:1      | clease the Draconian Transmuter began the quest for the
                  | Orb.
     0 | D:1      | Reached XP level 1. HP: 16/16 MP: 3/3
   318 | D:1      | Found Lipnur's Weapon Boutique.
   384 | D:1      | Reached XP level 2. HP: 20/23 MP: 5/5
   741 | D:2      | Found Gaser's Book Emporium.
   803 | D:2      | Reached XP level 3. HP: 10/28 MP: 6/6
   835 | D:2      | Found a radiant altar of Vehumet.
   873 | D:2      | HP: 1/28 [gnoll/+0 spear (2)]
   874 | D:2      | Slain by a gnoll

Illustrated notes

Levels and vault maps discovered:
D:1:      giann_forest_graveyard, layout_loops_ring, serial_shops,
          shop_fountains, minmay_misc_feat_ornament, nrook_loot_triangle
D:2:      layout_loops_ring, serial_shops, nicolae_shop_hallway_plus,
          basic_altar

Skill      XL: |  1  2 |
---------------+-------+-----
Dodging        | 2 |  2.2
Fighting       | |  1.2
Short Blades   | |  0.4
Throwing       | |  0.1
Unarmed Combat | |  3.4
Spellcasting   | |  2.0
Transmutations | |  2.4

Action                     || total
---------------------------++-------
  Melee: Dagger            ||    79
         Unarmed           ||     6
         Tailslap          ||    17
         Punch             ||     2
   Cast: Beastly Appendage ||     1
 Armour: Skin              ||    22
  Dodge: Dodged            ||    47

Table legend: (Time is in decaauts)
 A = Elapsed time spent in this place.
 B = Non-inter-level travel time spent in this place.
 C = Inter-level travel time spent in this place.
 D = Time resting spent in this place.
 E = Time spent auto-exploring this place.
 F = Levels seen in this place.
 G = Mean time per level.
                   A        B        C        D        E       F      G
               +--------+--------+--------+--------+--------+-----+--------+
         Total |    874 |    874 |      0 |      0 |     31 |   2 |  437.0 |
       Dungeon |    874 |    874 |      0 |      0 |     31 |   2 |  437.0 |
               +--------+--------+--------+--------+--------+-----+--------+

Top non-repeatable levels by time:
     D:1: 654 daAuts
     D:2: 220 daAuts
